 Dungeon Crawl Stone Soup version 0.29-a0-330-g52719c12eb (webtiles) character file.

Game seed: 12648792853753372132

635 kae the Arsonist (level 7, -5/36 HPs)
             Began as a Tengu Fire Elementalist on Apr 14, 2022.
             Slain by a killer bee (8 damage)
             ... summoned by an orc
             ... on level 4 of the Dungeon.
             The game lasted 00:02:26 (4037 turns).

kae the Arsonist (Tengu Fire Elementalist)          Turns: 4037, Time: 00:02:26

Health: -5/36      AC:  2    Str:  9    XL:     7   Next: 50%
Magic:  14/16      EV: 14    Int: 17    God:
Gold:   148        SH:  0    Dex: 14    Spells: 4/17 levels left

rFire   . . .      SeeInvis .   e - +1 quarterstaff
rCold   . . .      Faith    .   (shield currently unavailable)
rNeg    . . .      Spirit   .   a - +0 robe
rPois   .          Reflect  .   (helmet restricted)
rElec   .          Harm     .   (no cloak)
rCorr   .          Rampage  .   (no gloves)
Will    .....                   (boots unavailable)
Stlth   ++........              (no amulet)
HPRegen 0.12/turn               (no ring)
MPRegen 0.15/turn               (no ring)

@: lethally poisoned (-5 -> -11), weak-willed, flying quickly and evasively,
quick
A: beak, talons 3, nimble flight
a: no special abilities


You were on level 4 of the Dungeon.
You visited 2 branches of the dungeon, and saw 5 of its levels.

You collected 148 gold pieces.

Inventory:

Hand Weapons
 e - a +1 quarterstaff (weapon)
Missiles
 c - a throwing net
Armour
 a - a +0 robe (worn)
Jewellery
 j - an amulet of faith
Wands
 k - a wand of iceblast (6)
Scrolls
 g - a scroll of blinking {unknown}
 q - a scroll of identify
Potions
 b - 2 potions of magic
 d - 2 potions of might
 f - a potion of mutation
 h - a potion of brilliance {unknown}
 i - 2 potions of degeneration {unknown}
 l - a potion of ambrosia {unknown}
 m - 2 potions of curing {unknown}
 n - a potion of attraction {unknown}
 o - a potion of berserk rage {unknown}
 p - a potion of flight {unknown}


   Skills:
 + Level 6.1 Staves
 - Level 2.1 Dodging
 - Level 2.0 Stealth
 + Level 5.5 Spellcasting
 + Level 7.5 Conjurations
 * Level 9.5 Fire Magic


You had 4 spell levels left.
You knew the following spells:

 Your Spells              Type           Power      Damage    Failure   Level
a - Foxfire               Conj/Fire      100%       2x1d9     1%          1
b - Scorch                Fire           74%        2d9       1%          2
c - Conjure Flame         Conj/Fire      33%        6-21      1%          3
d - Inner Flame           Hex/Fire       21%        N/A       5%          3
e - Flame Wave            Conj/Fire      33%        2d8       4%          4

Your spell library contained the following spells:

 Spells                   Type           Power      Damage    Failure   Level
 Stone Arrow              Conj/Erth      34%        3d9       9%          3
 Sandblast                Erth           8%         2d5       14%         1
 Passwall                 Tmut/Erth      3%         N/A       21%         2


Dungeon Overview and Level Annotations

Branches:
Dungeon (4/15)             Temple (1/1) D:4

Altars:
Cheibriados
Dithmenos
Fedhas
Hepliaklqana
Makhleb
Nemelex Xobeh
Okawaru
Qazlal
Sif Muna
Uskayaw
Wu Jian
Xom
Yredelemnul
Zin

Shops:
D:2 (


Innate Abilities, Weirdness & Mutations

You have a beak for a mouth.
You have claws for feet.
Your magical nature lets you fly swiftly and evasively.


Message History

There are monsters nearby!
Casting: Foxfire (safe; 1% risk of failure)
Confirm with . or Enter, or press ? or * to list all spells.
You conjure some foxfire!
The foxfire hits the adder but does no damage.
The adder is almost dead.
The orc reads a scroll.
Wisps of shadow swirl around the orc.
The killer bee buzzes angrily.
The foxfire hits the adder.
You kill the adder!
The adder's corpse dissolves into shadows!
The foxfire hits the killer bee.
The killer bee is lightly wounded.
The orc wizard casts a spell.
The orc wizard flickers and vanishes!
Deactivating autopickup; reactivate with Ctrl-A.
There are monsters nearby!
Casting: Foxfire (safe; 1% risk of failure)
Confirm with . or Enter, or press ? or * to list all spells.
You conjure some foxfire!
The killer bee misses you.
The foxfire hits the killer bee.
The killer bee is lightly wounded.
The foxfire hits the killer bee!
The killer bee is heavily wounded.
The killer bee stings you! The killer bee stings you.
The orc reads a scroll.
Wisps of shadow swirl around the orc.
The killer bee stings you!
You are poisoned.
The killer bee poisons you! The killer bee closely misses you.
The killer bee barely misses you.
Unknown command.
As you read the scroll labelled PASAME ETOLIO, it crumbles to dust.
Magic quickly surges around you.
It was a scroll of vulnerability.
You feel sick. The killer bee stings you!
* * * LOW HITPOINT WARNING * * *
The killer bee stings you.
* * * LOW HITPOINT WARNING * * *
The killer bee stings you.
* * * LOW HITPOINT WARNING * * *
The killer bee stings you!
You die...

.#. .#....8.. #...##.#..
...###.......### #...##....
#####..... .....{Ko# #...##...#
.#.#.#.#. #..lgoo# #...#.....
........ ##...o.## #......#..
.##'##.####.....S.######....###..
.#...#...#.....B.o............#..
.'...'.#.......yyy.8.............
.#...#..#......y@..888..........#
.##'##.##......ยง....8.#. ..##...
........##........8.88# .......
.#.#.#.####.........### .####.
######## ##...###### ## ### ###.#
##### ... ..# ...# .... .....
#### ###.# #.#.# #.#. ....


You could see an iguana (summoned, weak-willed), 4 killer bees, an adder
(summoned, weak-willed), 4 orcs, a giant cockroach (summoned, weak-willed), a
hobgoblin (summoned, weak-willed) and a kobold (summoned, weak-willed).

Vanquished Creatures
  A black bear (D:4)
  An ogre (D:4)
  A phantom (D:4)
  A water moccasin skeleton (D:4)
  A crimson imp (D:3)
  A bullfrog zombie (D:4)
  A hound (D:4)
  An iguana (D:3)
  3 hound zombies (D:4)
  4 adders
  3 adder skeletons (D:4)
  4 adder zombies (D:4)
  A worm (D:3)
  An orc (D:3)
  6 ball pythons
  4 endoplasms
  3 giant cockroaches
  3 goblins
  5 hobgoblins
  5 kobolds
  3 quokkas (D:1)
  5 bats
  2 frilled lizards
  A quokka zombie (D:4)
61 creatures vanquished.

Vanquished Creatures (collateral kills)
  A foxfire (D:4)
1 creature vanquished.

Vanquished Creatures (others)
  178 foxfires
178 creatures vanquished.

Grand Total: 240 creatures vanquished

Notes
Turn   | Place    | Note
-------+----------+-------------------------------------------
     0 | D:1      | kae the Tengu Fire Elementalist began the quest for the
                  | Orb.
     0 | D:1      | Reached XP level 1. HP: 10/10 MP: 4/4
   404 | D:1      | Reached XP level 2. HP: 15/15 MP: 3/6
   847 | D:1      | Found a faded altar of an unknown god.
  1494 | D:2      | You fall into a shaft and drop 1 floor!
  1500 | D:3      | Reached skill level 1 in Staves
  1500 | D:3      | Reached XP level 3. HP: 19/19 MP: 4/7
  1535 | D:3      | Learned a level 2 spell: Scorch
  1570 | D:3      | Learned a level 3 spell: Conjure Flame
  1654 | D:2      | Reached skill level 4 in Fire Magic
  1907 | D:2      | Found Yfetsog's Weapon Shop.
  2493 | D:3      | Reached XP level 4. HP: 24/24 MP: 4/8
  2806 | D:3      | Found a shimmering altar of Xom.
  2806 | D:3      | Found a burning altar of Makhleb.
  2815 | D:3      | Reached skill level 5 in Staves
  2815 | D:3      | Reached skill level 5 in Spellcasting
  2815 | D:3      | Reached skill level 9 in Fire Magic
  2815 | D:3      | Gained mutation: Your magical nature lets you fly swiftly
                  | and evasively. [Tengu growth]
  2815 | D:3      | Reached XP level 5. HP: 27/28 MP: 5/13
  3088 | D:3      | Learned a level 4 spell: Flame Wave
  3092 | D:3      | Learned a level 3 spell: Inner Flame
  3111 | D:4      | Noticed a black bear
  3128 | D:4      | Killed a black bear
  3129 | D:4      | Reached XP level 6. HP: 32/32 MP: 5/15
  3264 | D:4      | Found a staircase to the Ecumenical Temple.
  3340 | Temple   | Entered the Ecumenical Temple
  3412 | D:4      | Reached XP level 7. HP: 36/36 MP: 12/16
  4037 | D:4      | Slain by a killer bee

Illustrated notes

Levels and vault maps discovered:
D:1:      dpeg_arrival_refuge, layout_loops_ring,
          ebering_ecumenical_altar_ruins, chequers_garden
D:2:      layout_loops_ring, serial_shops, nicolae_shop_bloodbath_and_beyond
D:3:      layout_rooms, grunt_temple_overflow_champion_of_chaos,
          minmay_misc_feat_columns
D:4:      layout_loops_cross, minmay_temple_entry_tees, serial_undead,
          serial_undead_a, serial_undead_c, serial_undead_a, serial_undead_a,
          serial_undead_b, serial_undead_c, st_stairs_5, grunt_ministairs_10,
          minmay_misc_feat_doors, grunt_decor_one_mirror,
          minmay_misc_feat_encased, hangedman_decor_riveting, nrook_mini_vaults,
          dreamdust_gnoll_farm
Temple:   nicolae_temple_x_marks_the_god

Skill      XL: |  1  2  3  4  5  6  7 |
---------------+----------------------+-----
Conjurations   | 2 7 |  7.5
Staves         | 1 5 6 |  6.1
Fire Magic     | 4 9 |  9.5
Spellcasting   | 5 |  5.5
Dodging        | |  2.1
Stealth        | |  2.0

Action                   |  1- 3 |  4- 6 |  7- 9 || total
-------------------------+-------+-------+-------++-------
Melee: Quarterstaff      |     6 |     7 |    15 ||    28
       Peck              |     1 |     2 |     1 ||     4
       Kick              |       |     1 |     5 ||     6
 Cast: Foxfire           |    64 |    41 |    19 ||   124
       Conjure Flame     |       |     1 |       ||     1
       Scorch            |       |       |    13 ||    13
  Use: Scroll            |     5 |     2 |     1 ||     8
       Potion            |       |     1 |       ||     1
Armor: Robe              |     4 |     1 |     5 ||    10
Dodge: Dodged            |     7 |    11 |    28 ||    46

Table legend: (Time is in decaauts)
 A = Elapsed time spent in this place.
 B = Non-inter-level travel time spent in this place.
 C = Inter-level travel time spent in this place.
 D = Time resting spent in this place.
 E = Time spent auto-exploring this place.
 F = Levels seen in this place.
 G = Mean time per level.
                   A        B        C        D        E       F      G
               +--------+--------+--------+--------+--------+-----+--------+
         Total |   3993 |   3878 |    115 |    161 |   3233 |   5 |  798.6 |
       Dungeon |   3939 |   3832 |    107 |    161 |   3192 |   4 |  984.8 |
        Temple |     53 |     45 |      8 |      0 |     41 |   1 |   53.0 |
               +--------+--------+--------+--------+--------+-----+--------+

Top non-repeatable levels by time:
     D:1: 1466 daAuts
     D:3: 889 daAuts
     D:4: 857 daAuts
     D:2: 727 daAuts
  Temple: 53 daAuts
